 Dungeon Crawl Stone Soup version 0.20-a0-736-gd3249da (webtiles) character file.

130 Maia the Vexing (level 4, 0/26 HPs)
             Began as a Deep Elf Arcane Marksman on Feb 23, 2017.
             Slain by a bullfrog zombie (5 damage)
             ... on level 3 of the Dungeon.
             The game lasted 00:08:56 (4759 turns).

Maia the Vexing (Deep Elf Arcane Marksman)          Turns: 4759, Time: 00:08:57

Health: 0/26       AC:  3    Str: 12    XL:     4   Next: 89%
Magic:  9/9        EV: 12    Int: 22    God:
Gold:   174        SH:  0    Dex: 15    Spells: 1/7 levels left

rFire    . . .     SeeInvis .   g - +0 dagger (venom)
rCold    . . .     Gourm    .   m - +0 leather armour
rNeg     . . .     Faith    .   (no shield)
rPois    .         Spirit   .   (no helmet)
rElec    .         Reflect  .   (no cloak)
rCorr    .         Harm     .   (no gloves)
MR       .....                  (no boots)
Stlth    ++........             (no amulet)
Regen    0.1/turn               (no ring)
MPRegen  0.2/turn               n - +3 ring of intelligence

@: mighty
A: no striking features
a: no special abilities


You were on level 3 of the Dungeon.
You were not hungry.

You visited 1 branch of the dungeon, and saw 3 of its levels.

You collected 174 gold pieces.

Inventory:

Hand Weapons
 a - a +0 shortbow
 g - a +0 dagger of venom (weapon)
Missiles
 d - 67 arrows
 h - 4 javelins (quivered)
Armour
 m - a +0 leather armour (worn)
Jewellery
 n - a +3 ring of intelligence (left hand)
Scrolls
 b - 5 scrolls of identify {unknown}
 e - 2 scrolls of recharging {unknown}
 j - 4 scrolls of teleportation
 k - a scroll of amnesia {unknown}
 l - 2 scrolls of blinking {unknown}
 p - a scroll of enchant armour {unknown}
 r - a scroll of fog {unknown}
 t - 2 scrolls of magic mapping {unknown}
Potions
 i - a potion of flight {unknown}
 q - a potion of might
 u - a potion of resistance {unknown}
Books
 c - a book of Debilitation

   Spells                             Type                      Level
   a - Corona                         Hexes                        1
   b - Slow                           Hexes                        2
   c - Inner Flame                    Hexes/Fire                   3
   d - Portal Projectile              Hexes/Translocation          3
   e - Cause Fear                     Hexes                        4
   f - Leda's Liquefaction            Hexes/Earth                  4
Comestibles
 f - a bread ration
 o - a meat ration
 s - 2 royal jellies


   Skills:
 - Level 2.0 Fighting
 - Level 4.0 Bows
 - Level 2.4 Dodging
 - Level 2.2 Stealth
 - Level 2.0 Spellcasting
 + Level 4.5 Hexes


You had one spell level left.
You knew the following spells:

 Your Spells              Type           Power        Failure   Level  Hunger
a - Corona                Hex            ###....      2%          1    #......
b - Slow                  Hex            ###.....     4%          2    ##.....
c - Portal Projectile     Hex/Tloc       ##....       24%         3    ###....


Dungeon Overview and Level Annotations

Branches:
Dungeon (3/15)

Altars:


Message History

The bullfrog zombie is heavily damaged.
The bullfrog zombie barely misses you.
Firing (i - inventory. (,) - cycle):
d - 68 arrows (quivered)
Press: ? - help, Shift-Dir - straight line, f/p - bullfrog zombie
Aim: a bullfrog zombie (heavily damaged, softly glowing)
You shoot an arrow. The arrow hits the bullfrog zombie.
The bullfrog zombie is severely damaged.
The bullfrog zombie stops glowing.
The bullfrog zombie hits you. x2
It was a potion of might.
You feel very mighty all of a sudden. The bullfrog zombie misses you.
Wield which item (- for none, * to show all)? (? for menu, Esc to quit)
Your +0 dagger of venom begins to drip with poison!
g - a +0 dagger of venom (weapon)
The bullfrog zombie hits you.
* * * LOW HITPOINT WARNING * * *
You puncture the bullfrog zombie!
The bullfrog zombie is almost destroyed.
The bullfrog zombie hits you.
You die...

,,,,**,**,*,*,*,*,**,,* *,*,**,,,
,,,,**,,,,,,,,*,*,***,***,*,**,,,
,,,,**,**,*,,,,,*,,,,,,,,,*,*****
,,,,,****,***#######**,****,*
,,,,,,,,,,,,,,.....###)****,*****
****,****.######.....#,,**,,,,,,,
*,* *............#*,**,,,,,,,
*,****............#*(,*,,,,,),
*,,,,,.......@....#**,*,,,,,,,
******......Z##.### *,*,,,,,,,
*.......*#.# *,,*,*****
*#...(####.## **,*,* #...)......#
*,,,* #..........# **,,*
#..........######..#
#.................>#
*,........#.########


You could see a bullfrog zombie.

Vanquished Creatures
  Ijyb (D:2)
  A hound skeleton (D:3)
  2 adders
  2 worms (D:2)
  A dart slug (D:3)
  2 leopard geckos
  An orc (D:3)
  6 bats
  2 giant cockroaches
  8 goblins
  8 hobgoblins
  6 jackals
  7 kobolds
  2 quokkas
  A ball python (D:2)
  2 frilled lizards
  7 rats
59 creatures vanquished.

Notes
Turn   | Place    | Note
-------+----------+-------------------------------------------
     0 | D:1      | Maia the Deep Elf Arcane Marksman began the quest for the Orb.
     0 | D:1      | Reached XP level 1. HP: 11/11 MP: 5/5
    80 | D:1      | Reached skill level 1 in Fighting
   241 | D:1      | Reached XP level 2. HP: 11/17 MP: 6/6
   360 | D:1      | Learned a level 2 spell: Slow
  1389 | D:1      | Reached XP level 3. HP: 21/21 MP: 8/8
  2718 | D:2      | Noticed Ijyb
  2729 | D:2      | Killed Ijyb
  2729 | D:2      | Reached XP level 4. HP: 17/26 MP: 7/9
  3657 | D:3      | Learned a level 3 spell: Portal Projectile
  4759 | D:3      | Slain by a bullfrog zombie

Vault maps used:
D:1:      evilmike_arrival_crescent, minmay_misc_feat_doors
D:2:      uniq_iyjb

Skill      XL: |  1  2  3  4 |
---------------+-------------+-----
Fighting       | 1 2 |  2.0
Spellcasting   | 2 |  2.0
Bows           | 3 4 |  4.0
Stealth        | 2 |  2.2
Dodging        | |  2.4
Hexes          | |  4.5

Action                   |  1- 3 |  4- 6 || total
-------------------------+-------+-------++-------
Melee: Dagger            |   134 |    86 ||   220
 Fire: Shortbow          |       |    10 ||    10
 Cast: Corona            |     6 |     6 ||    12
  Use: Scroll            |     1 |       ||     1
       Potion            |       |     1 ||     1
 Stab: Sleeping          |     1 |     1 ||     2
       Distracted        |       |     1 ||     1
  Eat: Chunk             |     6 |     2 ||     8
       Bread ration      |       |     1 ||     1
Armor: Robe              |    16 |       ||    16
       Leather armour    |    23 |    15 ||    38
Dodge: Dodged            |    88 |    59 ||   147
